 Dungeon Crawl Stone Soup version 0.31-a0-246-g8cbcc1cb85 (webtiles) character file.

Game seed: 9883023414270996926

44 qw the Shooter (level 3, -2/29 HPs)
             Began as a Minotaur Hexslinger on July 12, 2023.
             Slain by Robin
             ... wielding a +0 spear
              (3 damage)
             ... on level 2 of the Dungeon.
             The game lasted 00:00:22 (1233 turns).

qw the Shooter (Minotaur Hexslinger)                Turns: 1233, Time: 00:00:22

Health: -2/29      AC:  5    Str: 12    XL:     3   Next: 39%
Magic:  3/3        EV: 11    Int: 10    God:
Gold:   58         SH:  0    Dex: 14    Spells: 3/4 levels left

rFire   . . .        Y - +1 sling
rCold   . . .        (no shield)
rNeg    . . .        g - +0 ring mail
rPois   .            (helmet restricted)
rElec   .            (no cloak)
rCorr   .            (no gloves)
SInv    .            (no boots)
Will    .....        (no amulet)
Stlth   +            (no ring)
HPRegen 0.24/turn    (no ring)
MPRegen 0.08/turn

%: no passive effects
@: no status effects
A: horns 2, retaliatory headbutt, wild magic 1, evolution 1
a: no special abilities


You were on level 2 of the Dungeon.
You visited 1 branch of the dungeon, and saw 2 of its levels.

You collected 58 gold pieces.


Innate Abilities, Weirdness & Mutations

You have a pair of horns on your head.
You reflexively headbutt those who attack you in melee.
Your spells are a little harder to cast, but a little more powerful.
You have hidden genetic potential.


   Skills:
 - Level 2.0 Fighting
 + Level 3.9 Ranged Weapons
 - Level 2.1 Dodging
 - Level 1.0 Spellcasting
 - Level 2.0 Hexes


You had 3 spell levels left.
You knew the following spells:

 Your Spells              Type           Power      Damage    Failure   Level
a - Slow                  Hex            20%        N/A       43%         1

Your spell library contained the following spells:

 Spells                   Type           Power      Damage    Failure   Level
 Inner Flame              Hex/Fire       3%         N/A       88%         3
 Portal Projectile        Hex/Tloc       6%         N/A       88%         3
 Cause Fear               Hex            2%         N/A       99%         4

Inventory:

Hand Weapons
 Y - a +1 sling (weapon)
Armour
 g - a +0 ring mail (worn)
Jewellery
 a - an amulet of the acrobat
Potions
 d - a potion of heal wounds {unknown}
 f - a potion of mutation
 i - a potion of enlightenment {unknown}

Dungeon Overview and Level Annotations

Branches:
Dungeon (2/15)

Altars:

Annotations:
D:2 Robin


Message History

The goblin unwields a +0 club.
The goblin wields a +0 sling.
The goblin shoots a sling bullet.
The sling bullet hits you. Robin hits you but does no damage.
You shoot a sling bullet. The sling bullet barely misses Robin.
The sling bullet barely misses the hobgoblin.
The sling bullet closely misses the goblin.
Robin throws the goblin at you!
The goblin unwields a +0 sling.
The goblin wields a +0 club.
The goblin hits you with a +0 club.
You shoot a sling bullet.
The sling bullet completely misses the goblin.
Robin closely misses you. The goblin hits you with a +0 club.
You shoot a sling bullet.
The sling bullet barely misses the hobgoblin.
The sling bullet closely misses Robin.
The goblin no longer looks unusually strong.
Robin roars a battlecry!
The goblin goes into a battle-frenzy!
The goblin hits you with a +0 club.
Robin hits you from afar with a +0 spear.
The hobgoblin closely misses you.
You shoot a sling bullet.
The sling bullet barely misses the hobgoblin.
The goblin no longer looks unusually strong.
The goblin hits you but does no damage. Robin closely misses you.
The hobgoblin barely misses you. You furiously retaliate!
You headbutt the hobgoblin. The goblin misses you. You furiously retaliate!
You headbutt the goblin.
You kill the goblin!
The goblin barely misses you.
You shoot a sling bullet. The sling bullet hits the hobgoblin!
You kill the hobgoblin!
Robin roars a battlecry!
The goblin goes into a battle-frenzy!
The goblin hits you but does no damage.
You shoot a sling bullet. The sling bullet misses the goblin.
Robin points. "Kill!"
Robin hits you from afar with a +0 spear.
The goblin hits you with a +0 club.
Robin hits you from afar with a +0 spear.
You die...

+##.## .# ..#..# .#
..'.## .# ..#..# ##.##
+##.### #... # ......#
#..#### .# #.#.#.#
#..##.##.#
......#####....g)).##...
........).......@.g))...
....#######.##..%#.##...
.......# #.###.## #
##.###.# #.###.##.#
##.#.#.# #........#
##.....# #.###.##.#
####.#.# #.# #.# # #
#.#.# #.. ... ####.#.#
### #.##


You could see Robin and a goblin (strong).

Vanquished Creatures
  An adder (D:2)
  4 ball pythons
  A bat (D:1)
  2 endoplasms
  12 goblins
  2 hobgoblins (D:2)
  4 kobolds
  2 frilled lizards
  5 rats
33 creatures vanquished.

Notes
Turn   | Place    | Note
-------+----------+-------------------------------------------
     0 | D:1      | qw the Minotaur Hexslinger began the quest for the Orb.
     0 | D:1      | Reached XP level 1. HP: 16/16 MP: 1/1
     0 | D:1      | 0 ||| qw: Version: 0.3-a-52-g30416fa
     0 | D:1      | 0 ||| qw: Game counter: 6489
     0 | D:1      | 0 ||| qw: Melee chars always use a shield: true
     0 | D:1      | 0 ||| qw: God list: Okawaru
     0 | D:1      | 0 ||| qw: Allow faded altars: false
     0 | D:1      | 0 ||| qw: Do Orc after clearing Dungeon:15 true
     0 | D:1      | 0 ||| qw: Do second Lair branch before Depths: true
     0 | D:1      | 0 ||| qw: Lair rune preference: random
     0 | D:1      | 0 ||| qw: Goals: Normal
     0 | D:1      | 0 ||| PLANNING D:1-11
    12 | D:1      | Found a faded altar of an unknown god.
   249 | D:1      | Reached skill level 3 in Ranged Weapons
   277 | D:1      | Reached XP level 2. HP: 17/23 MP: 2/2
   741 | D:1      | 741 ||| UPGRADING to +0 ring mail.
   751 | D:1      | 751 ||| DROPPING +0 robe.
   752 | D:1      | 752 ||| DROPPING ring of wizardry.
   753 | D:1      | 753 ||| READING scroll labelled WIDYP COABUA.
   754 | D:1      | 754 ||| READING scroll labelled NIOKAU XAUKK.
   855 | D:1      | 855 ||| READING scroll labelled QUTIOQ VUUPIUP.
   856 | D:1      | 856 ||| DRINKING 2 murky inky potions.
   856 | D:1      | Gained mutation: You have hidden genetic potential. [potion
                  | of mutation]
   857 | D:1      | 857 ||| DROPPING scroll of poison.
  1118 | D:2      | Reached XP level 3. HP: 29/29 MP: 3/3
  1187 | D:2      | Gained mutation: Your spells are a little harder to cast,
                  | but a little more powerful. [hidden potential]
  1218 | D:2      | Noticed Robin
  1230 | D:2      | HP: 3/29 [Robin/+0 spear (5)]
  1233 | D:2      | HP: 1/29 [goblin/+0 club[Robin] (2)]
  1233 | D:2      | Slain by Robin

Levels and vault maps discovered:
D:1:      mrwooster_arrival_arrow, layout_loops_ring,
          hellmonk_ecumenical_altar_run_dry
D:2:      cheibrodos_old_hovel, layout_loops_corners, basic_altar,
          minmay_misc_feat_doors, uniq_natasha, uniq_robin

Skill      XL: |  1  2 |
---------------+-------+-----
Ranged Weapons | 3 |  3.9
Fighting       | 2 |  2.0
Dodging        | |  2.1
Spellcasting   | |  1.0
Hexes          | |  2.0

Action                     || total
---------------------------++-------
   Fire: Sling             ||    86
    Use: Scroll            ||     3
         Potion            ||     1
 Armour: Robe              ||     1
         Ring mail         ||    19
  Dodge: Dodged            ||    25

Table legend:
 A = Non-vault XP
 B = Vault XP
 C = Vault XP percentage of total XP
 D = Non-vault monster count
 E = Vault monster count
 F = Vault count percentage of total count
                 A         B        C        D         E       F
            +---------+---------+-------+---------+---------+-------
      Total |      48 |      15 |  23.8 |      24 |       9 |  27.3
            +---------+---------+-------+---------+---------+-------
        D:1 |      18 |       0 |   0.0 |      12 |       0 |   0.0
        D:2 |      30 |      15 |  33.3 |      12 |       9 |  42.9
            +---------+---------+-------+---------+---------+-------
